[Event "73rd ARM-chW Highest League 2018"]
[Site "Yerevan"]
[Date "2018.01.12"]
[Round "1"]
[White "Arakelyan, Nare"]
[Black "Galojan, Lilit"]
[Result "1/2-1/2"]
[ECO "B06"]
[WhiteElo "1747"]
[BlackElo "2300"]
[Annotator "ChessBase"]
[PlyCount "28"]
[EventDate "2018.??.??"]
[EventType "tourn"]
[EventCountry "ARM"]
[SourceTitle "playchess.com"]
[Source "ChessBase"]
[SourceQuality "1"]
[TimeControl "40/5400+30:1800+30"]

1. e4 g6 2. d4 Bg7 3. Nc3 c6 4. f4 d5 5. e5 Nh6 6. Be3 f6 7. Nf3 Ng4 8. Bg1 fxe5 9. dxe5 O-O 10. h3 Nh6 11. Qd2 Qa5 12. O-O-O e6 13. h4 c5 14. Kb1 d4 1/2-1/2

[Event "73rd ARM-chW Highest League 2018"]
[Site "Yerevan"]
[Date "2018.01.13"]
[Round "2"]
[White "Galojan, Lilit"]
[Black "Mkrtchyan, Mariam"]
[Result "1-0"]
[ECO "A41"]
[WhiteElo "2300"]
[BlackElo "1834"]
[Annotator "NA"]
[PlyCount "63"]
[EventDate "2018.??.??"]
[EventType "tourn"]
[EventCountry "ARM"]
[SourceTitle "playchess.com"]
[Source "ChessBase"]
[SourceQuality "1"]
[TimeControl "40/5400+30:1800+30"]

1. d4 d6 2. Nf3 g6 3. g3 Bg7 4. Bg2 Nd7 5. c4 e5 6. Nc3 Ne7 7. O-O O-O 8. e3 h6 9. b3 f5 10. dxe5 Nxe5 11. Nxe5 Bxe5 12. Bb2 Rb8 13. Qd2 Bd7 14. Rfe1 Bc6 15. Nd5 Bxb2 16. Qxb2 Bxd5 17. cxd5 g5 18. Qd4 a6 19. e4 f4 20. Bh3 Ng6 21. Be6+ Kh7 22. Bf5 Qf6 23. Qxf6 Rxf6 24. Rac1 Rf7 25. gxf4 Kg7 26. Be6 Re7 27. f5 Nf4 28. Rc3 Kf6 29. Kf1 Rh8 30. b4 Nxe6 31. fxe6 g4 32. f4 1-0

[Event "73rd ARM-chW Highest League 2018"]
[Site "Yerevan"]
[Date "2018.01.13"]
[Round "2"]
[White "Gevorgyan, Maria"]
[Black "Kursova, Maria"]
[Result "0-1"]
[ECO "B32"]
[WhiteElo "2258"]
[BlackElo "2249"]
[Annotator "NA"]
[PlyCount "124"]
[EventDate "2018.??.??"]
[EventType "tourn"]
[EventCountry "ARM"]
[SourceTitle "playchess.com"]
[Source "ChessBase"]
[SourceQuality "1"]
[TimeControl "40/5400+30:1800+30"]

1. e4 c5 2. Nf3 Nc6 3. d4 cxd4 4. Nxd4 e5 5. Nb5 d6 6. N1c3 a6 7. Na3 Be6 8. Bc4 b5 9. Bd5 Rc8 10. Nab1 Nf6 11. a3 Be7 12. O-O O-O 13. Nd2 Nd4 14. h3 Nxd5 15. exd5 Bf5 16. Nde4 Bxe4 17. Nxe4 Nxc2 18. Ra2 Qc7 19. Nc3 Nd4 20. Be3 Qc4 21. Ra1 Nb3 22. Rb1 f5 23. f4 e4 24. g4 Bf6 25. gxf5 a5 26. Ne2 a4 27. Ng3 Bh4 28. Nh1 Rc7 29. Qg4 Bf6 30. Rfd1 Bd4 31. Bxd4 Nxd4 32. Ng3 Nf3+ 33. Kh1 Qc2 34. Nf1 Qe2 35. Rd2 Qc4 36. Ne3 Qb3 37. Re2 Qd3 38. Ree1 Qd2 39. Qg2 Qxg2+ 40. Kxg2 Nxe1+ 41. Rxe1 Rfc8 42. Rd1 Rc2+ 43. Nxc2 Rxc2+ 44. Kg3 Rxb2 45. Rd4 Rb3+ 46. Kg4 e3 47. Re4 Kf7 48. f6 gxf6 49. Re6 b4 50. Kf3 Rxa3 51. Rxd6 Rd3 52. Ra6 a3 53. Ra4 Rb3 54. Ra7+ Ke8 55. d6 Rb2 56. Kxe3 a2 57. Ke4 b3 58. Kd5 Rb1 59. Ra8+ Kd7 60. Ra7+ Kc8 61. Ra8+ Kb7 62. d7 Rd1+ 0-1

[Event "73rd ARM-chW Highest League 2018"]
[Site "Yerevan"]
[Date "2018.01.13"]
[Round "2"]
[White "Sargsyan, Anna M"]
[Black "Ghukasyan, Siranush"]
[Result "1-0"]
[ECO "D37"]
[WhiteElo "2214"]
[BlackElo "2166"]
[Annotator "NA"]
[PlyCount "67"]
[EventDate "2018.??.??"]
[EventType "tourn"]
[EventCountry "ARM"]
[SourceTitle "playchess.com"]
[Source "ChessBase"]
[SourceQuality "1"]
[TimeControl "40/5400+30:1800+30"]

1. d4 d5 2. c4 e6 3. Nc3 Be7 4. Nf3 Nf6 5. Bf4 O-O 6. e3 Nbd7 7. a3 c6 8. Bd3 b6 9. cxd5 exd5 10. O-O Re8 11. Rc1 Bb7 12. h3 Nf8 13. Ne2 Bd6 14. Bxd6 Qxd6 15. Ng3 Ne4 16. Bxe4 dxe4 17. Nd2 Qd5 18. Ne2 Rad8 19. b4 f5 20. Qa4 Ra8 21. Rfd1 Ne6 22. Qc2 Qd8 23. Nc4 Rc8 24. Qa4 b5 25. Qxa7 Re7 26. d5 cxd5 27. Na5 Rb8 28. Nd4 Nxd4 29. Qxd4 f4 30. exf4 Ba8 31. Nc6 Bxc6 32. Rxc6 Ra8 33. Rc5 Rd7 34. Rxb5 1-0

[Event "73rd ARM-chW Highest League 2018"]
[Site "Yerevan"]
[Date "2018.01.13"]
[Round "2"]
[White "Asatryan, Sona"]
[Black "Arakelyan, Nare"]
[Result "0-1"]
[ECO "B06"]
[WhiteElo "2111"]
[BlackElo "1747"]
[Annotator "NA"]
[PlyCount "88"]
[EventDate "2018.??.??"]
[EventType "tourn"]
[EventCountry "ARM"]
[SourceTitle "playchess.com"]
[Source "ChessBase"]
[SourceQuality "1"]
[TimeControl "40/5400+30:1800+30"]

1. e4 d6 2. d4 g6 3. Nc3 Bg7 4. f4 a6 5. a4 b6 6. Nf3 Bb7 7. Bd3 Nd7 8. O-O e5 9. fxe5 dxe5 10. Bg5 Ne7 11. dxe5 Nxe5 12. Nxe5 Qd4+ 13. Kh1 Qxe5 14. Qf3 f5 15. Rae1 O-O 16. Bxe7 Qxe7 17. exf5 Qxe1 18. Qxb7 Qe5 19. Nd5 Rad8 20. Nf4 gxf5 21. Bc4+ Kh8 22. Ne6 Rb8 23. Qf3 Rf6 24. Ng5 Qe7 25. Qh5 Bh6 26. Nf3 b5 27. axb5 axb5 28. Re1 Qb4 29. Bd3 Rbf8 30. h3 Qxb2 31. Nh4 Qc3 32. Rf1 c5 33. Bxf5 Qg3 34. Rf3 Qg5 35. Qg4 Qc1+ 36. Kh2 Be3 37. Qh5 Bg1+ 38. Kg3 Rg8+ 39. Ng6+ Rgxg6+ 40. Bxg6 Rxg6+ 41. Kh4 Rh6 42. Rf8+ Kg7 43. Rf7+ Kg8 44. Rf1 Rxh5+ 0-1

[Event "73rd ARM-chW Highest League 2018"]
[Site "Yerevan"]
[Date "2018.01.13"]
[Round "2"]
[White "Khachatryan, Anna"]
[Black "Gaboyan, Susanna"]
[Result "1/2-1/2"]
[ECO "D85"]
[WhiteElo "2004"]
[BlackElo "2168"]
[Annotator "NA"]
[PlyCount "41"]
[EventDate "2018.??.??"]
[EventType "tourn"]
[EventCountry "ARM"]
[SourceTitle "playchess.com"]
[Source "ChessBase"]
[SourceQuality "1"]
[TimeControl "40/5400+30:1800+30"]

1. d4 Nf6 2. c4 g6 3. Nc3 d5 4. cxd5 Nxd5 5. e4 Nxc3 6. bxc3 Bg7 7. Nf3 c5 8. Rb1 O-O 9. Be2 Nc6 10. d5 Bxc3+ 11. Bd2 Bxd2+ 12. Qxd2 Nd4 13. Nxd4 cxd4 14. Qxd4 Qa5+ 15. Qd2 Qxd2+ 16. Kxd2 Rd8 17. Ke3 b6 18. Rhc1 e6 19. Bc4 Bd7 20. dxe6 fxe6 21. Bb3 1/2-1/2

[Event "73rd ARM-chW Highest League 2018"]
[Site "Yerevan"]
[Date "2018.01.14"]
[Round "3"]
[White "Kursova, Maria"]
[Black "Khachatryan, Anna"]
[Result "1-0"]
[ECO "A48"]
[WhiteElo "2249"]
[BlackElo "2004"]
[Annotator "ChessBase"]
[PlyCount "155"]
[EventDate "2018.??.??"]
[EventType "tourn"]
[EventCountry "ARM"]
[SourceTitle "playchess.com"]
[Source "ChessBase"]
[SourceQuality "1"]
[TimeControl "40/5400+30:1800+30"]

1. d4 Nf6 2. Nf3 g6 3. c4 Bg7 4. g3 O-O 5. Bg2 d6 6. Nc3 c6 7. O-O Qb6 8. b3 Qa5 9. Qd2 Qh5 10. Qg5 Qxg5 11. Bxg5 h6 12. Be3 a6 13. h3 b5 14. Rac1 bxc4 15. bxc4 Be6 16. Nd2 Rc8 17. Rb1 Nbd7 18. Rb3 Ne8 19. d5 cxd5 20. Nxd5 Bxd5 21. Bxd5 Rab8 22. Bb7 Nc5 23. Bxc8 Nxb3 24. axb3 Rxc8 25. Rb1 Rb8 26. Kf1 Nc7 27. Nf3 Ne6 28. Ke1 Kf8 29. Kd2 Ke8 30. Kc2 Kd7 31. Rd1 Kc6 32. Rd5 Nc7 33. Ra5 e6 34. Bd4 Bxd4 35. Nxd4+ Kb6 36. Ra4 Kc5 37. Kc3 e5 38. Nf3 Kc6 39. b4 Kb6 40. Ra1 Rc8 41. Rd1 Kc6 42. c5 Nb5+ 43. Kb3 e4 44. Nd4+ Nxd4+ 45. Rxd4 dxc5 46. bxc5 e3 47. f3 Rb8+ 48. Kc4 Rb2 49. Rd6+ Kc7 50. Rxa6 Rxe2 51. Kd3 Rg2 52. g4 e2 53. Kd2 Rh2 54. Rf6 Rxh3 55. Kxe2 g5 56. Ke3 Kd7 57. Rxf7+ Ke6 58. Rf5 Rh1 59. Kd4 Kd7 60. Ke5 Ke7 61. Kd5 Rc1 62. Kc6 Ke6 63. Kb7 Kd7 64. Rd5+ Ke6 65. Kc6 Ra1 66. Rf5 Ra3 67. Kc7 Ra7+ 68. Kb6 Ra3 69. c6 Rb3+ 70. Kc7 Ke7 71. Kc8 Rc3 72. c7 Rb3 73. Rc5 Rb4 74. Rc6 Rb3 75. Rxh6 Ke8 76. Re6+ Kf7 77. Kd7 Rb7 78. Rc6 1-0

[Event "73rd ARM-chW Highest League 2018"]
[Site "Yerevan"]
[Date "2018.01.14"]
[Round "3"]
[White "Gaboyan, Susanna"]
[Black "Sargsyan, Anna M"]
[Result "0-1"]
[ECO "D44"]
[WhiteElo "2168"]
[BlackElo "2214"]
[Annotator "ChessBase"]
[PlyCount "132"]
[EventDate "2018.??.??"]
[EventType "tourn"]
[EventCountry "ARM"]
[SourceTitle "playchess.com"]
[Source "ChessBase"]
[SourceQuality "1"]
[TimeControl "40/5400+30:1800+30"]

1. d4 d5 2. c4 c6 3. Nc3 Nf6 4. Nf3 e6 5. Bg5 dxc4 6. e4 b5 7. e5 h6 8. Bh4 g5 9. Nxg5 hxg5 10. Bxg5 Nbd7 11. exf6 Bb7 12. g3 Qb6 13. Bg2 c5 14. d5 O-O-O 15. O-O b4 16. Rb1 Qa6 17. dxe6 Bxg2 18. e7 Bxf1 19. Kxf1 Bxe7 20. fxe7 Rdg8 21. Ne4 Qe6 22. Nd6+ Kc7 23. Bf4 Qh3+ 24. Ke1 Qe6+ 25. Qe2 Kc6 26. Rd1 Nf6 27. Nxc4 Nd5 28. Rxd5 Qxe2+ 29. Kxe2 Kxd5 30. Nd6 c4 31. h4 Rg6 32. Nxf7 Re8 33. Kd2 Rxe7 34. Ng5 Rc6 35. Be3 c3+ 36. Kc2 Ra6 37. bxc3 Rc7 38. h5 bxc3 39. a4 Rxa4 40. h6 Ra2+ 41. Kb1 Ra6 42. h7 c2+ 43. Kb2 Rb6+ 44. Ka2 Rh6 45. Kb2 Rh1 46. Bc1 Rb7+ 47. Kxc2 Rc7+ 48. Kb2 Rcxc1 49. h8=Q Rb1+ 50. Ka2 Rxh8 51. Kxb1 Rh1+ 52. Kb2 Rh2 53. Ka3 Rxf2 54. Kb4 Rg2 55. Nf3 Rxg3 56. Nd2 Kc6 57. Nb3 Kb6 58. Ka4 a5 59. Ka3 Kb5 60. Ka2 Kb4 61. Nd4 Rg2+ 62. Kb1 a4 63. Nc2+ Kc3 64. Ne3 Rh2 65. Nf5 a3 66. Ng3 Kb3 0-1

[Event "73rd ARM-chW Highest League 2018"]
[Site "Yerevan"]
[Date "2018.01.14"]
[Round "3"]
[White "Ghukasyan, Siranush"]
[Black "Galojan, Lilit"]
[Result "0-1"]
[ECO "C84"]
[WhiteElo "2166"]
[BlackElo "2300"]
[Annotator "ChessBase"]
[PlyCount "100"]
[EventDate "2018.??.??"]
[EventType "tourn"]
[EventCountry "ARM"]
[SourceTitle "playchess.com"]
[Source "ChessBase"]
[SourceQuality "1"]
[TimeControl "40/5400+30:1800+30"]

1. e4 e5 2. Nf3 Nc6 3. Bb5 a6 4. Ba4 Nf6 5. O-O Be7 6. d3 d6 7. c3 O-O 8. Nbd2 Re8 9. d4 Bd7 10. Re1 Bf8 11. Bc2 Bg4 12. h3 Bh5 13. d5 Nb8 14. g4 Bg6 15. Nf1 c6 16. c4 b5 17. b3 cxd5 18. cxd5 Nbd7 19. Bd2 Qc7 20. Rc1 Rec8 21. Ng3 Qd8 22. h4 h6 23. g5 hxg5 24. hxg5 Nh5 25. Nxe5 dxe5 26. Nxh5 Ba3 27. Ng3 Nb6 28. Rb1 Nxd5 29. b4 Nc3 30. Bxc3 Rxc3 31. Qxd8+ Rxd8 32. Red1 Rdc8 33. Bd3 Rc1 34. Rdxc1 Rxc1+ 35. Rxc1 Bxc1 36. Ne2 Bd2 37. a3 Bh5 38. Kg2 Bxg5 39. Nc3 Bc1 40. a4 Bd2 41. Nb1 Bxb4 42. axb5 axb5 43. Bxb5 Bd1 44. Bd3 Kh7 45. Kg3 Kh6 46. Kh4 Kg6 47. Kh3 Kg5 48. Kg3 f6 49. Kg2 Kf4 50. Kf1 Bf3 0-1

[Event "73rd ARM-chW Highest League 2018"]
[Site "Yerevan"]
[Date "2018.01.14"]
[Round "3"]
[White "Mkrtchyan, Mariam"]
[Black "Asatryan, Sona"]
[Result "1-0"]
[ECO "E18"]
[WhiteElo "1834"]
[BlackElo "2111"]
[Annotator "ChessBase"]
[PlyCount "123"]
[EventDate "2018.??.??"]
[EventType "tourn"]
[EventCountry "ARM"]
[SourceTitle "playchess.com"]
[Source "ChessBase"]
[SourceQuality "1"]
[TimeControl "40/5400+30:1800+30"]

1. d4 Nf6 2. Nf3 e6 3. c4 b6 4. g3 Bb7 5. Bg2 Be7 6. O-O O-O 7. Nc3 Ne4 8. Nxe4 Bxe4 9. Ne1 Bxg2 10. Nxg2 d5 11. Qa4 dxc4 12. Qxc4 c5 13. dxc5 Bxc5 14. Be3 Bxe3 15. Nxe3 Qc8 16. Qxc8 Rxc8 17. Rac1 Na6 18. Rfd1 Kf8 19. Kf1 Ke7 20. Ke1 h5 21. h4 b5 22. Nc2 Nc5 23. Nd4 a6 24. b3 g6 25. Rc2 e5 26. Rdc1 exd4 27. Rxc5 Rxc5 28. Rxc5 Kd6 29. Rc2 Re8 30. Kd2 Re5 31. Rc8 Rf5 32. f4 Rf6 33. Kd3 Kd7 34. Rc5 Rd6 35. Re5 f5 36. Rc5 Ke7 37. a4 bxa4 38. bxa4 Rb6 39. Kxd4 Kd6 40. Rd5+ Ke6 41. Kc5 Rb3 42. Rd3 Rb2 43. Rd6+ Kf7 44. Rxa6 Rxe2 45. Ra7+ Ke6 46. a5 Rg2 47. a6 Kf6 48. Ra8 Kg7 49. Rd8 Ra2 50. Kb6 Rb2+ 51. Kc7 Rc2+ 52. Kb7 Rb2+ 53. Ka8 Rb3 54. Rb8 Rxg3 55. a7 g5 56. Kb7 Rb3+ 57. Kc7 Ra3 58. a8=Q Rxa8 59. Rxa8 gxf4 60. Kd6 Kf6 61. Rf8+ Kg6 62. Ke5 1-0

[Event "73rd ARM-chW Highest League 2018"]
[Site "Yerevan"]
[Date "2018.01.14"]
[Round "3"]
[White "Arakelyan, Nare"]
[Black "Gevorgyan, Maria"]
[Result "0-1"]
[ECO "B30"]
[WhiteElo "1747"]
[BlackElo "2258"]
[Annotator "ChessBase"]
[PlyCount "140"]
[EventDate "2018.??.??"]
[EventType "tourn"]
[EventCountry "ARM"]
[SourceTitle "playchess.com"]
[Source "ChessBase"]
[SourceQuality "1"]
[TimeControl "40/5400+30:1800+30"]

1. e4 c5 2. Nf3 Nc6 3. Bb5 e6 4. O-O Nge7 5. d4 cxd4 6. Nxd4 a6 7. Be2 Qc7 8. c4 Nxd4 9. Qxd4 Nc6 10. Qc3 b6 11. Be3 Bb7 12. Nd2 Rg8 13. a3 Bd6 14. f4 g5 15. Qf6 Be7 16. Qc3 Bd6 17. Qf6 Be7 18. Qc3 O-O-O 19. b4 gxf4 20. Bxf4 Bd6 21. Bxd6 Qxd6 22. Rxf7 Nd4 23. Bf1 Qe5 24. Rc1 Rg4 25. Kh1 Bxe4 26. Nxe4 Qxe4 27. Qe1 Qg6 28. Rf2 Rh4 29. Qe3 Rg8 30. Rc3 Re4 31. Qd2 Qg5 32. Rg3 Rg4 33. Qxg5 R4xg5 34. Rh3 h5 35. Rf7 Re5 36. Kg1 Rgg5 37. Rd3 Rgf5 38. Rxf5 Nxf5 39. Kf2 Kc7 40. Be2 Nd6 41. Rh3 Ne4+ 42. Kf1 Nf6 43. Rf3 Ng4 44. Rh3 Rf5+ 45. Ke1 Kd6 46. Rd3+ Ke7 47. h3 Nf6 48. Rd4 e5 49. Rh4 e4 50. Kd2 Kd6 51. Ke3 Ke5 52. g3 d6 53. Rf4 Rxf4 54. gxf4+ Kf5 55. Bd1 d5 56. cxd5 Nxd5+ 57. Kd4 Nxf4 58. Bc2 Ne2+ 59. Ke3 Ng3 60. a4 a5 61. bxa5 bxa5 62. Bb1 Ke5 63. Bc2 Nf5+ 64. Ke2 Nd4+ 65. Kd2 Nxc2 66. Kxc2 Kf4 67. Kd2 Kf3 68. Ke1 e3 69. Kf1 e2+ 70. Ke1 h4 0-1

[Event "73rd ARM-chW Highest League 2018"]
[Site "Yerevan"]
[Date "2018.01.15"]
[Round "4"]
[White "Galojan, Lilit"]
[Black "Gaboyan, Susanna"]
[Result "0-1"]
[ECO "D33"]
[WhiteElo "2300"]
[BlackElo "2168"]
[Annotator "RC"]
[PlyCount "106"]
[EventDate "2018.??.??"]
[EventType "tourn"]
[EventCountry "ARM"]
[SourceTitle "playchess.com"]
[Source "ChessBase"]
[SourceQuality "1"]
[TimeControl "40/5400+30:1800+30"]

1. c4 e6 2. d4 d5 3. Nc3 c5 4. cxd5 exd5 5. Nf3 Nc6 6. g3 c4 7. Bg2 Bb4 8. O-O Nge7 9. a3 Ba5 10. b4 Bb6 11. Ra2 Bg4 12. Rd2 O-O 13. Ne1 Qd7 14. Nc2 Rad8 15. Re1 Bh3 16. Bh1 f5 17. e3 Rf6 18. a4 Bc7 19. b5 Na5 20. Ba3 Bg4 21. Rde2 Bxe2 22. Qxe2 Bd6 23. Nxd5 Rff8 24. Bxd6 Qxd6 25. Nc3 Kh8 26. Rd1 Rfe8 27. d5 Rd7 28. Qh5 g6 29. Qh4 Qe5 30. Qd4 Qxd4 31. Rxd4 Nc8 32. f3 Nd6 33. Rd1 Nb3 34. Kf2 Rde7 35. Bg2 a6 36. Bf1 Kg7 37. Be2 Nc5 38. Rd4 Rc8 39. Na3 Nb3 40. Rd1 g5 41. Nc2 h5 42. h4 gxh4 43. gxh4 Kf6 44. Rg1 Rg7 45. Rxg7 Kxg7 46. bxa6 bxa6 47. e4 Kf6 48. Ke3 Re8 49. Nb4 fxe4 50. fxe4 Nc5 51. Bf3 Nf5+ 52. Kf4 a5 53. d6 Ne6# 0-1

[Event "73rd ARM-chW Highest League 2018"]
[Site "Yerevan"]
[Date "2018.01.15"]
[Round "4"]
[White "Gevorgyan, Maria"]
[Black "Mkrtchyan, Mariam"]
[Result "0-1"]
[ECO "B10"]
[WhiteElo "2258"]
[BlackElo "1834"]
[Annotator "RC"]
[PlyCount "184"]
[EventDate "2018.??.??"]
[EventType "tourn"]
[EventCountry "ARM"]
[SourceTitle "playchess.com"]
[Source "ChessBase"]
[SourceQuality "1"]
[TimeControl "40/5400+30:1800+30"]

1. e4 c6 2. f4 d5 3. e5 c5 4. c3 Nc6 5. Nf3 Bg4 6. Be2 e6 7. d3 Nh6 8. O-O Nf5 9. Na3 Be7 10. Nc2 O-O 11. Ne3 Nxe3 12. Bxe3 d4 13. Bf2 dxc3 14. bxc3 Qd7 15. h3 Bf5 16. Nh4 Bxh4 17. Bxh4 h6 18. Kh2 Ne7 19. Rf3 Nd5 20. Qd2 b5 21. Rg1 b4 22. c4 Nc3 23. g4 Bh7 24. Bf1 Qd4 25. Rg2 Rac8 26. Qe1 Rfe8 27. Bf2 Qd7 28. Be3 Kh8 29. Bc1 Na4 30. h4 Rf8 31. Rfg3 Qd4 32. Be3 Qc3 33. Qd1 Nb2 34. Qb1 Nxd3 35. f5 Nxe5 36. Bg1 Nxg4+ 37. Rxg4 Bxf5 38. Qd1 Bxg4 39. Qxg4 Qe5+ 40. Kh1 Rfd8 41. Bh2 Qf6 42. Rg1 Rd4 43. Qg3 Rxh4 44. Bd3 Rd4 45. Qe3 Rcd8 46. Be2 Qh4 47. Rg2 Qe1+ 48. Rg1 Qh4 49. Rg2 Re4 50. Qf3 Qe1+ 51. Bf1 f5 52. Rg1 Qc3 53. Qh5 Qf6 54. Rg6 Rh4 55. Rxf6 Rxh5 56. Rxe6 Rd1 57. Kg2 Rxh2+ 58. Kxh2 Rxf1 59. Rc6 Rf2+ 60. Kg3 Rxa2 61. Rxc5 b3 62. Rb5 Rc2 63. Kf4 Rxc4+ 64. Kxf5 Kh7 65. Rxb3 a5 66. Rb6 a4 67. Ra6 h5 68. Kg5 h4 69. Rd6 Rb4 70. Rd3 Kg8 71. Kg6 Rg4+ 72. Kh5 Rc4 73. Kg6 Kf8 74. Rf3+ Ke7 75. Kxg7 Rg4+ 76. Kh6 Kd6 77. Kh5 Rc4 78. Rf8 Kc5 79. Rb8 h3 80. Kg5 a3 81. Rc8+ Kb4 82. Rb8+ Ka4 83. Ra8+ Kb3 84. Rb8+ Kc2 85. Ra8 Rc3 86. Kg4 Kb2 87. Rb8+ Rb3 88. Re8 a2 89. Re2+ Ka3 90. Re1 Rb1 91. Re3+ Kb4 92. Re4+ Kc5 0-1

[Event "73rd ARM-chW Highest League 2018"]
[Site "Yerevan"]
[Date "2018.01.15"]
[Round "4"]
[White "Kursova, Maria"]
[Black "Arakelyan, Nare"]
[Result "1-0"]
[ECO "E68"]
[WhiteElo "2249"]
[BlackElo "1747"]
[Annotator "NA RC"]
[PlyCount "55"]
[EventDate "2018.??.??"]
[EventType "tourn"]
[EventCountry "ARM"]
[SourceTitle "playchess.com"]
[Source "ChessBase"]
[SourceQuality "1"]
[TimeControl "40/5400+30:1800+30"]

1. d4 Nf6 2. Nf3 g6 3. c4 Bg7 4. g3 O-O 5. Bg2 d6 6. Nc3 Nbd7 7. O-O e5 8. e4 exd4 9. Nxd4 Re8 10. h3 a6 11. Be3 Rb8 12. b3 c5 13. Nde2 {[%emt 0:00:30] E68: King's Indian: Fianchetto: 6...Nbd7 7 0-0 e5 8 e4} b5 $1 14. Qxd6 b4 15. Na4 Nxe4 16. Bxe4 Bxa1 (16... Rxe4 17. Rad1 Qe8 18. Nxc5 Rxe3 19. Nxd7 Rxe2 20. Nxb8 Bxh3 {½-½ (35) Grischuk,A (2779)-Mamedyarov,S (2753) Khanty-Mansiysk 2013}) 17. Rxa1 Rxe4 {[%emt 0:01:27] LiveBook: 12 Games} 18. Nxc5 Re8 19. Rd1 Qa5 20. Nxd7 Bxd7 21. Qxd7 Qxa2 22. Qd3 a5 $2 (22... Qb2 23. Nf4 Qc3) 23. Nf4 a4 $146 ({Predecessor:} 23... Red8 24. Nd5 a4 25. Qd4 a3 26. Ne7+ {1-0 (26) Terekhov,A (2322)-Raykhman,A (2262) Munich 2008}) 24. Nd5 Re6 25. Qd4 Qxb3 26. Bh6 f6 {[%emt 0:00:18] [#]} 27. Qa7 Qxd1+ 28. Kh2 1-0

[Event "73rd ARM-chW Highest League 2018"]
[Site "Yerevan"]
[Date "2018.01.15"]
[Round "4"]
[White "Asatryan, Sona"]
[Black "Ghukasyan, Siranush"]
[Result "1/2-1/2"]
[ECO "C84"]
[WhiteElo "2111"]
[BlackElo "2166"]
[Annotator "NA RC"]
[PlyCount "90"]
[EventDate "2018.??.??"]
[EventType "tourn"]
[EventCountry "ARM"]
[SourceTitle "playchess.com"]
[Source "ChessBase"]
[SourceQuality "1"]
[TimeControl "40/5400+30:1800+30"]

1. e4 e5 2. Nf3 Nc6 3. Bb5 a6 4. Ba4 Nf6 5. O-O Be7 6. d3 b5 7. Bb3 d6 8. a3 O-O 9. Nc3 Be6 {[%emt 0:00:07] C77: Ruy Lopez: 3...a6 4 Ba4 Nf6, unusual lines} (9... Bg4 10. Be3 Nd4 11. Bxd4 exd4 12. Nd5 Nxd5 13. Bxd5 Rc8 14. Bc6 Bf6 15. a4 Rb8 16. h3 Be6 17. axb5 axb5 18. Qd2 {½-½ (31) Caruana,F (2799)-Aronian,L (2805) London 2017}) 10. Nd5 Nd4 11. Nxd4 exd4 12. Nxe7+ Qxe7 13. Bg5 Bxb3 14. cxb3 Qe6 15. f4 Nd7 16. f5 Qe5 17. Qc1 Qc5 $146 18. b4 Qxc1 19. Raxc1 Rfc8 20. Bf4 Kf8 21. Rc6 Ke7 22. Rfc1 Kd8 23. Kf2 a5 24. bxa5 Nc5 25. R6xc5 dxc5 26. Rxc5 Rxa5 27. Be5 Ra4 28. Rd5+ Ke8 29. Bxd4 c6 30. Re5+ Kd7 31. Bc5 Re8 32. Rxe8 Kxe8 33. Ke3 Ra8 34. Kf4 Kd7 35. g4 f6 (35... Re8 $16) 36. h4 Ke8 37. g5 Kf7 38. b3 fxg5+ 39. hxg5 g6 {[%emt 0:00:13] [#]} 40. d4 (40. e5 $1 $18 gxf5 41. Kxf5) 40... gxf5 41. Kxf5 ({Viel schwächer wäre} 41. exf5 Re8 $11) 41... Re8 $18 (41... Rg8 $16 42. e5 Re8) 42. Bb4 Rd8 43. Bc5 Re8 44. Bb6 Ra8 45. Bc5 Re8 1/2-1/2

[Event "73rd ARM-chW Highest League 2018"]
[Site "Yerevan"]
[Date "2018.01.15"]
[Round "4"]
[White "Khachatryan, Anna"]
[Black "Sargsyan, Anna M."]
[Result "0-1"]
[ECO "A06"]
[WhiteElo "2004"]
[BlackElo "2214"]
[Annotator "NA RC"]
[PlyCount "106"]
[EventDate "2018.??.??"]
[EventType "tourn"]
[EventCountry "ARM"]
[SourceTitle "playchess.com"]
[Source "ChessBase"]
[SourceQuality "1"]
[TimeControl "40/5400+30:1800+30"]

1. Nf3 d5 2. g3 c6 3. Bg2 Bg4 4. O-O Nd7 5. d3 e6 6. c4 Bd6 7. cxd5 exd5 8. Nc3 {[%emt 0:00:47] A11: English Opening: 1...c6} Ne7 9. e4 (9. Qc2 O-O 10. e4 Re8 11. h3 Bh5 12. Bg5 f6 13. Be3 Bf7 14. Rfe1 Rc8 15. Rad1 Qa5 {1-0 (26) Matlakov,M (2689)-Khismatullin,D (2651) Berlin 2015}) 9... O-O 10. h3 Bh5 11. g4 Bg6 12. Nh4 d4 $146 ({Predecessor:} 12... dxe4 13. dxe4 Qc7 14. Nf5 Bxf5 15. exf5 Rad8 {1-0 (32) Obukhov,A (2453)-Palekha,A (2409) St Petersburg 2002}) 13. Ne2 c5 14. f4 f6 15. Nxg6 hxg6 16. Qb3+ Kh8 17. Qxb7 c4 18. Qa6 ({Stronger than} 18. Nxd4 Bc5 $11) ({Not} 18. dxc4 Rb8 $17) 18... Nb6 19. Bd2 Rc8 20. Ba5 Qd7 21. Bxb6 axb6 22. dxc4 Rc5 (22... g5 $11) 23. b4 ({Of course not} 23. Nxd4 $6 Ra5 $11) ({Much worse is} 23. Qxb6 $6 Rb8 $11) 23... Rc7 24. Qb5 (24. Rad1 $16 Bxb4 25. Nc1 (25. Qxb6 Bc5 $15)) 24... Qxb5 (24... d3 $1 $11 25. Qxd7 Rxd7) 25. cxb5 Bxb4 26. Rfd1 ({Not} 26. Nxd4 $2 Bc5 $19) 26... Rd8 27. Rd3 ({Don't go for} 27. Rxd4 $2 Bc5 $19) 27... Rc2 28. Kf1 Bc5 29. Rad1 g5 30. R1d2 (30. f5 $11) 30... Rxd2 31. Rxd2 Ng6 32. fxg5 fxg5 33. Nc1 Rf8+ 34. Rf2 Nf4 35. Nb3 Rc8 36. Rd2 $2 ({White should play} 36. Rc2 $11) 36... d3 37. e5 Be3 38. Rd1 Rc2 39. Be4 Rf2+ 40. Ke1 Re2+ $2 (40... Rxa2 $19 41. Nd2 Kg8) 41. Kf1 d2 42. Nxd2 Rxd2 43. Ke1 $19 (43. Rxd2 {is the only way for White.} Bxd2 44. Kf2) 43... Rxd1+ 44. Kxd1 Kg8 45. Kc2 Kf7 46. Bf5 Bd4 47. e6+ Nxe6 48. Kd3 Bf2 49. Kc4 Nf4 50. a4 Kf6 51. Kb3 Nxh3 52. a5 bxa5 53. Ka4 Bb6 0-1

[Event "73rd ARM-chW Highest League 2018"]
[Site "Yerevan"]
[Date "2018.01.16"]
[Round "5"]
[White "Arakelyan, Nare"]
[Black "Khachatryan, Anna"]
[Result "1-0"]
[ECO "B31"]
[WhiteElo "1747"]
[BlackElo "2004"]
[Annotator "NA RC"]
[PlyCount "83"]
[EventDate "2018.??.??"]
[EventType "tourn"]
[EventCountry "ARM"]
[SourceTitle "playchess.com"]
[Source "ChessBase"]
[SourceQuality "1"]
[TimeControl "40/5400+30:1800+30"]

1. e4 c5 2. Nf3 Nc6 3. Bb5 g6 4. Bxc6 dxc6 5. d3 Bg7 6. h3 {[%emt 0:00:11] LiveBook: 2092 Games} b6 7. O-O e5 8. Be3 Ne7 9. a4 a5 10. Qd2 {[%emt 0:01:57] B31: Sicilian: 2...Nc6 3 Bb5 g6} (10. Nbd2 f6 11. Nc4 Be6 12. b4 axb4 13. a5 bxa5 14. Bxc5 O-O 15. Nfd2 Bh6 16. Nb6 Ra6 17. Ndc4 Rf7 18. Rxa5 Rxa5 19. Nxa5 {½-½ (57) Hujbert,F (2419)-Horvath,J (2532) Hungary 2013}) 10... h6 11. Na3 Be6 12. b3 $146 ({Predecessor:} 12. Rfe1 Qc7 13. c3 Rd8 14. Qc2 O-O 15. Rad1 Rd7 16. d4 cxd4 17. cxd4 exd4 18. Nxd4 Bxd4 19. Rxd4 Rxd4 20. Bxd4 {1-0 (39) Khatanbaatar,B (2403)-Lkhagva,J (2213) Ulaanbaatar 2009}) 12... Qc7 13. Nc4 g5 14. Qc3 Ng6 15. Rfe1 O-O 16. Nh2 Rfe8 (16... f5 $15) 17. Rab1 Rab8 18. Nf1 Qd7 19. Bc1 Nf4 20. Nce3 Ng6 21. Qd2 Nh4 22. Qe2 Kh7 23. g4 h5 24. Ng3 hxg4 25. hxg4 Rh8 26. Nef5 Bxf5 27. gxf5 f6 28. Be3 Kg8 29. Red1 Kf7 30. c3 Rbe8 (30... Qc7 $16 {was called for.} 31. d4 cxd4 32. cxd4 exd4 33. Bxd4 Kg8) 31. d4 cxd4 32. cxd4 exd4 33. Rxd4 Qc7 $1 $11 {[%emt 0:01:15] and Black is okay.} (33... Qe7 $142 34. Rbd1 Kf8) 34. Qc4+ Kf8 35. Qe2 (35. Rdd1 $14) 35... Kg8 $2 36. Rbd1 Re7 37. Rd8+ Bf8 38. Nh5 Rf7 39. R1d7 Qe5 40. Rxf7 Kxf7 41. Bd4 Qc7 42. Qc4+ 1-0